 Dungeon Crawl Stone Soup version 0.32-a0-119-g2e8054a333 (webtiles) character file.

Game seed: 17192129938602700034

384854 TheMeathookMassacre the Warrior (level 22, -17/134 HPs)
             Began as a Vine Stalker Berserker on Feb 6, 2024.
             Was a Follower of Uskayaw.
             Demolished by a stone giant (22 damage)
             ... created by the rage of Trog
             ... on level 4 of the Vaults.
             The game lasted 01:30:26 (42517 turns).

TheMeathookMassacre the Warrior (VSBe)             Turns: 42517, Time: 01:30:27

Health: -17/134    AC: 29    Str: 21    XL:     22   Next: 97%
Magic:  0/31       EV: 24    Int: 10    God:    Uskayaw [*.....]
Gold:   4189       SH:  0    Dex: 21    Spells: 21/21 levels left

rFire   + + .        I - +3 quick blade (venom) {rare}
rCold   + + .        Z - +2 kite shield {AC+3}
rNeg    . . .        A - +5 ring mail {rF+}
rPois   +            C - +2 hat of the Salmon {rPois rC+ Int+3}
rElec   +            n - scarf {rC+ rF+}
rCorr   .            K - +0 pair of gloves "Haptots" {rElec rPois Str-3}
SInv    .            a - +3 pair of seven-league boots {Rampage+∞}
Will    ++...        T - amulet of faith {!P}
Stlth   ++           O - +4 ring of protection
HPRegen 1.22/turn    E - +5 ring of evasion
MPRegen 0.22/turn

%: guardian spirit, rampage+∞, faith
@: confused, invisible
A: fangs 3, regeneration 1, magic shield, antimagic bite, no potion heal 2, low
MP 1, shaggy fur 1
}: 2/15 runes: decaying, gossamer
a: Renounce Religion, Stomp


You were on level 4 of the Vaults.
You worshipped Uskayaw.
Uskayaw was most pleased with you.
You visited 8 branches of the dungeon, and saw 38 of its levels.
You also visited: Bailey, Gauntlet and Ice Cave.

You collected 4813 gold pieces.
You spent 624 gold pieces at shops.

Inventory:

Hand Weapons
 I - a +3 quick blade of venom (weapon) {rare}
 M - a +1 heavy rapier
 Q - a +4 quick blade of chaos {rare}
Missiles
 V - a throwing net {=f!f}
Armour
 a - the +3 pair of seven-league boots (worn) {Rampage+∞}
   (You found it on level 4 of the Spider Nest)

   Rampage+∞: When moving toward enemies, its wearer moves as far as possible,
   alerting their target en route.
 b - the +1 storm dragon scales of the Sun {Fly rElec SInv Stlth+, rare}
   (You found it on level 2 of the Elven Halls)

   rElec:     It insulates you from electricity.
   SInv:      It lets you see invisible.
   Fly:       It grants you flight.
   Stlth+:    It makes you more stealthy.
 n - a scarf of resistance (worn)
 u - the +4 scale mail of the Spheres {rC+ Will+}
   (You found it on level 11 of the Dungeon)

   rC+:       It protects you from cold.
   Will+:     It increases your willpower.
 A - a +5 ring mail of fire resistance (worn)
 C - the +2 hat of the Salmon (worn) {rPois rC+ Int+3}
   (You found it in a Gauntlet)

   Int+3:     It affects your intelligence (+3).
   rC+:       It protects you from cold.
   rPois:     It protects you from poison
 K - the +0 pair of gloves "Haptots" (worn) {rElec rPois Str-3}
   (You found it on level 3 of the Elven Halls)

   Str-3:     It affects your strength (-3).
   rElec:     It insulates you from electricity.
   rPois:     It protects you from poison
 Z - a +2 kite shield of protection (worn)
Jewellery
 e - a +5 ring of evasion
 E - a +5 ring of evasion (right hand)
 L - the ring "Tebuga" {Fly rPois rF+ Will+ Str+3}
   (You took it off a deep elf death mage on level 3 of the Elven Halls)

   [ring of protection from fire]

   Str+3:     It affects your strength (+3).
   rF+:       It protects you from fire.
   rPois:     It protects you from poison Will+: It increases your willpower.
   Fly:       It grants you flight.
 N - the ring "Bosotin" {+Blink rF- rN++ rCorr Stlth+}
   (You found it in an ice cave)

   [ring of resist corrosion]

   rF-:       It makes you vulnerable to fire.
   rN++:      It greatly protects you from negative energy.
   +Blink:    It lets you blink.
   rCorr:     It protects you from acid and corrosion.
   Stlth+:    It makes you more stealthy.
 O - a +4 ring of protection (left hand)
 R - the amulet "Faenit" {Spirit Harm rC+ Regen+ rCorr}
   (You found it in an ice cave)

   [amulet of guardian spirit]

   Spirit:    It causes incoming damage to be divided between your reserves of
   health and magic.
   rC+:       It protects you from cold.
   Regen+:    It increases your rate of health regeneration.
   rCorr:     It protects you from acid and corrosion.
   Harm:      It increases damage dealt and taken.
 T - an amulet of faith (around neck) {!P}
 U - the ring "Ziwkesk" {Fly rC- rN+ EV+5 Stlth+}
   (You took it off a deep elf sorcerer on level 3 of the Elven Halls)

   [ring of evasion]

   EV+5:      It affects your evasion (+5).
   rC-:       It makes you vulnerable to cold.
   rN+:       It protects you from negative energy.
   Fly:       It grants you flight.
   Stlth+:    It makes you more stealthy.
 X - the ring of Etamec {rC+ Will+ Int+6}
   (You found it in a Gauntlet)

   [ring of intelligence]

   Int+6:     It affects your intelligence (+6).
   rC+:       It protects you from cold.
   Will+:     It increases your willpower.
Wands
 t - a wand of quicksilver (2)
 y - a wand of digging (4)
Scrolls
 f - 2 scrolls of revelation
 h - 16 scrolls of teleportation {@r4}
 j - 7 scrolls of immolation {!r!r}
 r - 4 scrolls of blinking {!r}
 s - 3 scrolls of fog
 v - 5 scrolls of vulnerability {!r!r}
 w - 6 scrolls of amnesia
 B - 11 scrolls of enchant weapon
 D - 3 scrolls of poison {!r}
 G - 2 scrolls of fear
 H - 3 scrolls of silence {!r!r}
 P - 9 scrolls of enchant armour
 S - 3 scrolls of butterflies
Potions
 c - 6 potions of mutation {!q}
 g - 6 potions of might
 i - 5 potions of magic
 k - 4 potions of berserk rage {!q}
 l - 10 potions of enlightenment
 o - 7 potions of lignification {!q}
 p - 4 potions of heal wounds {@q2}
 q - 9 potions of attraction {!q}
 x - 10 potions of curing {@q1}
 z - 11 potions of ambrosia
 F - 5 potions of resistance
 J - 5 potions of haste {@q3}
Miscellaneous
 m - a lightning rod (4/4)
 W - a phantom mirror
 Y - a phial of floods


   Skills:
 + Level 20.6 Fighting
 - Level 14.0 Short Blades
 + Level 12.6 Armour
 + Level 12.6 Dodging
 - Level 15.0 Stealth
 - Level 17.0 Shields
 + Level 16.3 Invocations


You had 21 spell levels left.
You didn't know any spells.
Your spell library contained the following spells:

 Spells                   Type           Power      Damage    Failure   Level
 Shock                    Conj/Air       0%         1d3       61%         1
 Slow                     Hex            0%         N/A       61%         1
 Ensorcelled Hibernation  Hex/Ice        0%         N/A       75%         2
 Scorch                   Fire           0%         2d5       75%         2
 Confusing Touch          Hex            0%         N/A       93%         3
 Dazzling Flash           Conj/Hex       0%         N/A       93%         3
 Frozen Ramparts          Ice            0%         1d1       93%         3
 Gell's Gravitas          Tloc           0%         N/A       93%         3
 Passwall                 Erth           0%         N/A       93%         3
 Sigil of Binding         Hex            0%         N/A       93%         3
 Swiftness                Air            0%         N/A       93%         3
 Teleport Other           Tloc           0%         N/A       93%         3
 Vampiric Draining        Necr           0%         2d6       93%         3
 Volatile Blastmotes      Fire/Tloc      0%         2d10      93%         3
 Airstrike                Air            0%         2d(0-16)  100%        4
 Anguish                  Hex/Necr       0%         N/A       100%        4
 Animate Dead             Necr           0%         N/A       100%        4
 Cause Fear               Hex            0%         N/A       100%        4
 Flame Wave               Conj/Fire      0%         2d4       100%        4
 Leda's Liquefaction      Alch/Erth      0%         N/A       100%        4
 Petrify                  Alch/Erth      0%         N/A       100%        4
 Borgnjor's Vile Clutch   Necr/Erth      0%         N/A       100%        5
 Metabolic Englaciation   Hex/Ice        0%         N/A       100%        5
 Conjure Ball Lightning   Conj/Air       0%         3x3d6     100%        6
 Death Channel            Necr           0%         N/A       100%        6
 Dispersal                Tloc           0%         N/A       100%        6
 Sculpt Simulacrum        Ice/Alch       0%         N/A       100%        6
 Starburst                Conj/Fire      0%         6d3       100%        6
 Summon Cactus Giant      Summ           0%         N/A       100%        6
 Enfeeble                 Hex            0%         N/A       100%        7
 Ozocubu's Refrigeration  Ice            0%         4d7       100%        7
 Infestation              Necr           0%         N/A       100%        8
 Maxwell's Capacitive Co  Air            0%         ∞         100%        8
 Polar Vortex             Ice            0%         N/A       100%        9


Dungeon Overview and Level Annotations

Branches:
Dungeon (15/15)            Temple (1/1) D:7            Lair (5/5) D:9
  Swamp (4/4) Lair:3       Spider (4/4) Lair:3        Slime (0/5) Lair:5
    Orc (2/2) D:9             Elf (3/3) Orc:2        Vaults (4/5) D:14
  Crypt (0/3) Vaults:2     Depths (0/4) D:15         Bailey (visited)
  IceCv (visited)         Gauntlet (visited)

Altars:
Ashenzari
Cheibriados
Dithmenos
Elyvilon
Fedhas
Gozag
Hepliaklqana
Kikubaaqudgha
Makhleb
Nemelex Xobeh
Okawaru
Qazlal
Ru
Sif Muna
Trog
Uskayaw
Vehumet
Wu Jian
Xom
Yredelemnul
Zin
The Shining One
Jiyva

Shops:
D:5 *   D:8 ?   D:9 [   D:10 =   D:15 ?   Orc:2 **!:   Elf:1 [   Elf:2 *
Vaults:1 :   Vaults:2 (   Vaults:4 =


Innate Abilities, Weirdness & Mutations

You have razor-sharp teeth.
Your natural rate of healing is unusually fast.
When hurt, damage is shared between your health and your magic reserves.
Your bite disrupts and absorbs the magic of your enemies.
Potions cannot restore your health.
Your magical capacity is low. (-10% MP)
You are covered in fur. (AC +1)


Message History

Your bite misses the stone giant.
Unknown command.
You bump into the metal wall.
The stone giant barely misses you. The stone giant completely misses you.
The stone giant hits you!! The stone giant barely misses you.
The polar bear rages.
You bump into the metal wall.
The iron troll bites you but does no damage.
The iron troll completely misses you. x2
The stone giant hits you but does no damage.
The stone giant completely misses you. The iron troll closely misses you. x2
The iron troll completely misses you.
You hit the stone giant but do no damage.
The stone giant is poisoned.
You bite the stone giant, but do no damage.
You hit the stone giant but do no damage.
The stone giant looks as sick as possible!
The stone giant hits you!!! The stone giant barely misses you.
Unknown command.
You barely miss the iron troll. You bite the iron troll. You drain its power.
You feel invigorated.
You hit the iron troll but do no damage.
The iron troll is poisoned.
You bite the iron troll! You drain its power.
You feel invigorated. The stone giant completely misses you.
The stone giant barely misses you. The iron troll bites you!
The iron troll claws you!!
* * * LOW HITPOINT WARNING * * *
The iron troll barely misses you.
Unknown command.
The stone giant hits you but does no damage.
The stone giant hits you!!
* * * LOW HITPOINT WARNING * * *
The polar bear bites you!
* * * LOW HITPOINT WARNING * * *
The polar bear completely misses you. The polar bear claws you.
* * * LOW HITPOINT WARNING * * *
The stone giant misses you.
Unknown command.
You feel less invigorated. The stone giant closely misses you.
You're too confused to move!
The stone giant hits you but does no damage.
The stone giant completely misses you. The stone giant hits you!!!
* * * LOW HITPOINT WARNING * * *
The stone giant hits you!
* * * LOW HITPOINT WARNING * * *
Okay, then.
You fade into invisibility!
The stone giant hits you!!
You die...
Your body falls in perfect tune with the rhythm.

######### #.......#
#.......# #.......#
#.......# #..@....#
#hCC....#
########T###''######
#......C.).#.......#
#........).).......#
#..........).......#
#..........#...(...#
#..........#.......#
#..........#.......#


You could see an iron troll (berserk, unable to see you, poisoned), 2 stone
giants, a cyclops (berserk, unable to see you) and a polar bear (berserk, unable
to see you).

Vanquished Creatures
  Saint Roka (Vaults:4)
  Jory (Vaults:4)
  Nikola (Spider:4)
  A tentacled monstrosity (Vaults:4)
  Jorgrun (Swamp:2)
  A deep elf master archer (Elf:3)
  3 deep elf blademasters
  5 sphinxes
  A kraken (Swamp:1)
  A tengu reaver (Vaults:1)
  A thorn hunter (Swamp:4)
  A rockslime (IceCv)
  Roxanne (Elf:1)
  Aizul (Swamp:2)
  An azure jelly (IceCv)
  A fire giant (D:15)
  A ghost moth (Spider:1)
  3 emperor scorpions
  2 deep elf elementalists
  9 deep elf sorcerers
  Louise (Elf:1)
  7 vault wardens
  6 broodmothers
  11 stone giants
  6 quicksilver oozes (IceCv)
  12 ironbound preservers
  The ghost of heinrich the Wrestler, a journeyman TrMo of Ru (Lair:3)
  3 orc warlords
  A formless jellyfish (Vaults:3)
  2 ironbound thunderhulks (Vaults:2)
  A vampire knight (Vaults:2)
  2 eleionomae
  6 deep elf annihilators (Elf:3)
  6 deep elf demonologists
  Nessos (D:13)
  Azrael (Spider:3)
  5 bunyips
  5 spark wasps
  9 deep elf death magi
  12 dire elephants
  2 minotaurs
  An ettin (Vaults:1)
  2 shambling mangroves (Swamp:4)
  Snorg (D:10)
  4 entropy weavers
  Josephine (D:13)
  3 deep elf high priests (Elf:3)
  2 vault guards
  5 yaktaur captains
  19 hydras
  7 great orbs of eyes
  3 ogre magi (D:11)
  A peacekeeper (Vaults:2)
  3 catoblepae (Lair:5)
  Erica (D:11)
  4 ghost crabs
  11 centaur warriors
  2 spriggan air magi (Elf:2)
  The ghost of bmj180 the Destroyer, a journeyman HuCj of Sif Muna (D:11)
  7 alligators
  10 ironbound frosthearts
  13 boulder beetles
  8 radroaches
  9 two-headed ogres
  3 death yaks (Lair:5)
  2 tengu warriors
  10 demonic crawlers
  25 dancing weapons
  3 orc high priests
  Urug (Lair:5)
  Nergalle (Lair:2)
  20 deep elf knights
  3 skysharks
  2 iron trolls
  2 goliath frogs
  A skeletal warrior (D:11)
  4 pharaoh ants
  41 deep trolls
  2 orb spiders
  4 arcanists
  2 spriggan druids
  18 ironbound convokers
  8 bog bodies
  11 swamp dragons
  An orange crystal statue (IceCv)
  7 lindwurms
  8 deep elf archers
  8 steelbarb worms
  2 lightning spires (Elf:2)
  A necromancer (Vaults:2)
  10 orc knights
  33 deep elf pyromancers
  19 wolf spiders
  A harpy (shapeshifter) (D:14)
  34 deep elf zephyrmancers
  4 orc sorcerers (Orc:2)
  17 ugly things
  4 manticores
  A will-o-the-wisp (Swamp:4)
  20 cyclopes
  20 elephants
  A meliai (Spider:4)
  A moth of wrath (Spider:2)
  6 vault sentinels
  An ice statue (Swamp:1)
  7 kobold blastminers (Orc:1)
  A guardian serpent (D:13)
  Maggie (D:9)
  A gargoyle (D:10)
  2 black mambas
  9 cane toads
  8 torpor snails
  21 yaktaurs
  5 rime drakes
  2 freezing wraiths (Vaults:2)
  2 efreet
  8 komodo dragons
  2 tengu conjurers
  12 trolls
  11 tyrant leeches
  A merfolk (shapeshifter) (Elf:1)
  23 tarantellas
  14 polar bears
  9 hornets
  21 blink frogs
  Grinder (D:4)
  30 jumping spiders
  26 slime creatures
  8 spriggans
  Sigmund (D:2)
  A shadow (D:8)
  2 vampires
  A water elemental (Elf:1)
  20 culicivoras
  A centaur simulacrum (D:11)
  6 air elementals
  32 yaks
  6 wraiths
  A yak (shapeshifter) (Elf:3)
  10 basilisks
  9 wyverns
  5 fire elementals
  60 redbacks
  2 wargs
  29 vampire mosquitoes
  An acid dragon (D:10)
  6 hell hounds
  13 water moccasins
  12 swamp worms
  3 great orb of eyes simulacra (IceCv)
  11 black bears
  26 orc warriors
  8 ice beasts
  5 swamp drakes
  5 laughing skulls
  17 ogres
  25 wolves
  5 centaurs
  6 slime creature simulacra (IceCv)
  A phantom (D:5)
  2 kobold brigands
  A weeping skull (Gauntlet)
  A gnoll sergeant (D:8)
  An earth elemental (Elf:1)
  8 scorpions
  5 bullfrogs
  4 glowing shapeshifter simulacra (IceCv)
  4 wights (D:7)
  3 killer bees (D:10)
  10 electric eels
  3 howler monkeys
  4 bombardier beetles
  3 wyvern simulacra (D:8)
  4 hounds
  3 jellies
  A sleepcap (D:8)
  30 orc priests
  2 gnoll boudas
  Natasha (thrice) (D:4)
  2 iguanas
  36 orc wizards
  16 gnolls
  10 adders
  A shadow imp (D:6)
  3 white imps (D:8)
  2 howler monkey simulacra (D:8)
  3 dart slugs
  2 ribbon worms
  63 orcs
  4 bats
  7 endoplasms
  4 giant cockroaches
  10 goblins
  6 hobgoblins
  7 jackals
  2 quokkas
  7 ball pythons
  19 kobolds
  2 rats
  6 tentacles (Swamp:1)
1476 creatures vanquished.

Vanquished Creatures (collateral kills)
  Rupert (D:13)
  An azure jelly (IceCv)
  A deep elf sorcerer (Elf:3)
  A quicksilver ooze (IceCv)
  A deep elf demonologist (Elf:3)
  2 deep elf death magi (Elf:3)
  3 death yaks (Lair:5)
  A deep elf archer (Elf:1)
  A deep elf pyromancer (Elf:3)
  A deep elf zephyrmancer (Elf:1)
  A manticore (Lair:5)
  A cane toad (Lair:1)
  2 hornets (Swamp:4)
  A blink frog (Lair:1)
  6 air elementals (Elf:2)
  5 yaks (Lair:5)
29 creatures vanquished.

Vanquished Creatures (others)
  An orc high priest (Vaults:4)
  A deep elf knight (Elf:1)
  2 lightning spires (Elf:2)
  A deep elf pyromancer (Elf:2)
  2 bloated husks (Swamp:4)
  A spriggan (Swamp:4)
  2 swamp drakes (Swamp:4)
  An orc wizard (Orc:2)
  12 tentacles (Swamp:1)
23 creatures vanquished.

Grand Total: 1528 creatures vanquished

Notes
Turn   | Place    | Note
-------+----------+-------------------------------------------
     0 | D:1      | TheMeathookMassacre the Vine Stalker Berserker began the
                  | quest for the Orb.
     0 | D:1      | Reached XP level 1. HP: 11/11 MP: 2/2
   264 | D:1      | Reached XP level 2. HP: 16/16 MP: 3/3
   457 | D:1      | Reached skill level 3 in Short Blades
   885 | D:2      | Found a sparkling altar of Nemelex Xobeh.
  1093 | D:2      | Reached skill level 3 in Fighting
  1138 | D:2      | Reached XP level 3. HP: 20/20 MP: 4/4
  1390 | D:2      | Reached ** piety under Trog
  1549 | D:2      | Noticed Sigmund
  1563 | D:2      | Killed Sigmund
  1564 | D:2      | Reached XP level 4. HP: 21/25 MP: 2/5
  1564 | D:2      | Reached XP level 5. HP: 24/28 MP: 2/6
  1835 | D:3      | Found a faded altar of an unknown god.
  2090 | D:3      | Reached XP level 6. HP: 26/33 MP: 7/7
  2223 | D:3      | Found a snail-covered altar of Cheibriados.
  2953 | D:4      | Noticed Grinder
  2964 | D:4      | Killed Grinder
  2965 | D:4      | Reached skill level 4 in Fighting
  2965 | D:4      | Reached skill level 3 in Dodging
  2965 | D:4      | Reached XP level 7. HP: 26/37 MP: 4/8
  3070 | D:4      | Noticed Natasha
  3077 | D:4      | Killed Natasha
  3282 | D:4      | Noticed Natasha
  3290 | D:4      | Killed Natasha
  3670 | D:4      | Reached skill level 6 in Short Blades
  3720 | D:4      | Noticed Natasha
  3724 | D:4      | Killed Natasha
  3855 | D:5      | Entered Level 5 of the Dungeon
  3894 | D:5      | Reached *** piety under Trog
  3895 | D:5      | Gained mutation: You have razor-sharp teeth. [Vine Stalker
                  | growth]
  3895 | D:5      | Reached XP level 8. HP: 22/42 MP: 6/9
  4292 | D:5      | Reached skill level 5 in Fighting
  4573 | D:5      | Found Jumiemul's Lightly-Used Armoury.
  4746 | D:5      | Noticed a wyvern
  4753 | D:5      | Killed a wyvern
  5005 | D:6      | Reached skill level 1 in Shields
  5006 | D:6      | Found an opulent altar of Gozag.
  5018 | D:6      | Reached XP level 9. HP: 42/48 MP: 10/10
  5381 | D:6      | Identified the +1 long sword "Arbiter" {freeze, Fly Str-4
                  | Dex+4}
  5444 | D:7      | Reached **** piety under Trog
  5445 | D:7      | Reached skill level 6 in Fighting
  5974 | D:7      | Found a staircase to the Ecumenical Temple.
  6231 | D:7      | Reached skill level 3 in Shields
  6423 | D:8      | Found Quguxi's Magic Scroll Shoppe.
  6497 | D:8      | Reached skill level 9 in Short Blades
  6501 | D:8      | Reached XP level 10. HP: 53/53 MP: 11/11
  6505 | D:8      | Identified the +3 morningstar "Goblinbane" {flame, *Noise
                  | Int+3 SInv}
  6517 | D:8      | Bought a scroll of blinking for 105 gold pieces
  6517 | D:8      | Bought a scroll of teleportation for 42 gold pieces
  6715 | D:8      | Reached skill level 6 in Dodging
  6885 | D:8      | Reached skill level 7 in Fighting
  7058 | D:8      | Identified 2 scrolls of acquirement
  7058 | D:8      | Acquired a manual of Fighting
  7059 | D:8      | Acquired a manual of Shields
  7335 | D:9      | Noticed Maggie
  7363 | D:9      | Killed Maggie
  7385 | D:9      | Reached ***** piety under Trog
  7421 | D:9      | Found a staircase to the Lair.
  7436 | D:9      | Identified the +1 robe "Neucvowe" {rF+ Dex+5}
  7542 | D:9      | Found Fofruh's Armour Boutique.
  7556 | D:9      | Found a flagged portal.
  7565 | Bailey   | Entered a bailey
  7644 | Bailey   | Noticed an orc knight
  7663 | Bailey   | Killed an orc knight
  7664 | Bailey   | Reached skill level 8 in Fighting
  7664 | Bailey   | Reached XP level 11. HP: 60/60 MP: 12/12
  7732 | Bailey   | Noticed an orc knight
  7773 | Bailey   | Killed an orc knight
  7774 | Bailey   | Reached skill level 6 in Shields
  7798 | Bailey   | Received a gift from Trog
  7989 | D:9      | Identified the +6 hand axe of Cheibriados {freeze, *Corrode
                  | Str-3 Dex+6}
  8203 | D:9      | Found a staircase to the Orcish Mines.
  8693 | D:10     | Entered Level 10 of the Dungeon
  8742 | D:10     | Noticed a two-headed ogre
  8754 | D:10     | Killed a two-headed ogre
  8929 | D:10     | Found Faihupol's Jewellery Emporium.
  8967 | D:10     | Found a broken altar of Ashenzari.
  9065 | D:10     | Identified the +7 long sword "Punkycra" {flame, rN+ Int-2
                  | Dex+4}
  9100 | D:10     | Reached skill level 9 in Fighting
  9164 | D:10     | Found a stormy altar of Qazlal.
  9164 | D:10     | Found a hazy altar of Hepliaklqana.
  9500 | D:10     | Noticed Snorg
  9514 | D:10     | Killed Snorg
  9801 | Lair:1   | Entered Level 1 of the Lair of Beasts
  9960 | Lair:1   | Reached XP level 12. HP: 53/67 MP: 13/13
  9995 | Lair:1   | Reached skill level 10 in Fighting
 10045 | Lair:1   | Reached skill level 12 in Short Blades
 10296 | Lair:1   | Reached skill level 9 in Shields
 10916 | Lair:2   | Reached skill level 11 in Fighting
 10917 | Lair:2   | Noticed Nergalle
 10931 | Lair:2   | Killed Nergalle
 11024 | Lair:2   | Noticed a skyshark
 11042 | Lair:2   | Killed a skyshark
 11315 | Lair:2   | Reached XP level 13. HP: 69/74 MP: 14/14
 11789 | Lair:3   | Reached skill level 12 in Fighting
 11866 | Lair:3   | Reached skill level 9 in Dodging
 11882 | Lair:3   | Found a hole to the Spider Nest.
 11921 | Lair:3   | Found a transporter.
 11924 | Lair:3   | Noticed heinrich's ghost (journeyman TrMo)
 12546 | Lair:3   | Found a staircase to the Swamp.
 12630 | Lair:3   | Found a transporter.
 13210 | Lair:4   | Identified the +9 flail of Wounding {pain, +Blink Dex+3}
 13304 | Lair:4   | Received a gift from Trog
 13429 | Lair:4   | Identified the +0 scale mail of Snakes and Ladders {Slay+2}
 13510 | Lair:4   | Reached skill level 13 in Fighting
 13738 | Lair:4   | Reached skill level 12 in Shields
 13744 | Lair:4   | Reached XP level 14. HP: 82/82 MP: 15/15
 13882 | Lair:5   | Entered Level 5 of the Lair of Beasts
 14136 | Lair:5   | Found a viscous altar of Jiyva.
 14136 | Lair:5   | Found a staircase to the Slime Pits.
 14372 | Lair:5   | Noticed Urug
 14570 | Lair:5   | Killed Urug
 14976 | Lair:5   | Reached skill level 14 in Fighting
 15532 | Orc:1    | Entered Level 1 of the Orcish Mines
 15716 | Orc:1    | You fall into a shaft and drop 1 floor!
 15716 | Orc:2    | Entered Level 2 of the Orcish Mines
 15716 | Orc:2    | Found Igreukye's Assorted Antiques.
 15717 | Orc:2    | Found Gaus's General Store.
 15806 | Orc:2    | Received a gift from Trog
 15836 | Orc:2    | Found a staircase to the Elven Halls.
 15886 | Orc:2    | Found a gate leading to a gauntlet.
 15898 | Gauntlet | Entered a Gauntlet
 15898 | Gauntlet | Found a transporter.
 15898 | Gauntlet | Found a transporter.
 15904 | Gauntlet | Found a transporter.
 15905 | Gauntlet | Found a runed translucent door.
 15906 | Gauntlet | Found a runed translucent door.
 15916 | Gauntlet | Found a transporter.
 15934 | Gauntlet | Found a transporter.
 15934 | Gauntlet | Found a transporter.
 15934 | Gauntlet | Found a transporter.
 15937 | Gauntlet | Found a transporter.
 15937 | Gauntlet | Found a transporter.
 15948 | Gauntlet | Found a runed translucent door.
 15951 | Gauntlet | Found a transporter.
 15965 | Gauntlet | Found a transporter.
 15975 | Gauntlet | Found a transporter.
 15992 | Gauntlet | Found a transporter.
 16009 | Gauntlet | Found a transporter.
 16182 | Gauntlet | Identified the staff of Destiny {rElec rF+ rC+ Str+2 Fire
                  | Alchemy}
 16194 | Gauntlet | Identified the ring of Etamec {rC+ Will+ Int+6}
 16226 | Gauntlet | Identified the +2 ring mail "Acisayx" {rC- rCorr Int+2
                  | Dex+4}
 16230 | Gauntlet | Identified the +2 hat of the Salmon {rPois rC+ Int+3}
 16257 | Gauntlet | Got the Anthology of the Ghastly Brume {forbidden}
 16696 | Orc:1    | Reached skill level 1 in Invocations
 16791 | Orc:2    | Reached skill level 15 in Fighting
 16834 | Orc:2    | Received a gift from Trog
 16945 | Orc:2    | Found Xigiz's Distillery.
 16945 | Orc:2    | Found Petinkor's Book Shoppe.
 16955 | Orc:2    | Bought a golden potion for 28 gold pieces
 16955 | Orc:2    | Bought a sapphire potion for 28 gold pieces
 17407 | D:11     | Identified the +4 scale mail of the Spheres {rC+ Will+}
 17520 | D:11     | Reached XP level 15. HP: 90/90 MP: 16/18
 17599 | D:11     | Reached skill level 3 in Invocations
 17905 | D:11     | Found a runed translucent door.
 17906 | D:11     | Noticed bmj180's ghost (journeyman HuCj)
 18019 | D:11     | Noticed Erica
 18038 | D:11     | Killed Erica
 18499 | D:12     | Reached skill level 16 in Fighting
 18815 | D:12     | Found a hazy altar of Hepliaklqana.
 19041 | D:13     | Noticed Nessos
 19047 | D:13     | Killed Nessos
 19093 | D:13     | Noticed Rupert
 19108 | D:13     | Killed Rupert
 19109 | D:13     | Reached skill level 15 in Shields
 19271 | D:13     | Noticed Josephine
 19276 | D:13     | Reached skill level 3 in Armour
 19296 | D:13     | Killed Josephine
 19296 | D:13     | Received a gift from Trog
 19507 | D:13     | Found a runed translucent door.
 20003 | D:14     | Reached skill level 6 in Invocations
 20578 | D:14     | Found a gate to the Vaults.
 21215 | D:15     | Entered Level 15 of the Dungeon
 21249 | D:15     | Reached XP level 16. HP: 95/98 MP: 21/21
 21380 | D:15     | Found Rimenigu's Magic Scroll Shop.
 21475 | D:15     | Found a staircase to the Depths.
 21871 | D:15     | Bought a scroll of brand weapon for 123 gold pieces
 21871 | D:15     | Bought a scroll of butterflies for 52 gold pieces
 21871 | D:15     | Bought a scroll of enchant armour for 97 gold pieces
 21871 | D:15     | Bought a scroll of enchant weapon for 97 gold pieces
 21871 | D:15     | Bought a scroll of fog for 52 gold pieces
 22429 | Swamp:1  | Entered Level 1 of the Swamp
 22448 | Swamp:1  | Reached skill level 17 in Fighting
 22452 | Swamp:1  | Found a glacial archway.
 22474 | IceCv    | Entered an ice cave
 22749 | IceCv    | Reached ****** piety under Trog
 22757 | IceCv    | Received a gift from Trog
 23058 | IceCv    | Found a viscous altar of Jiyva.
 23058 | IceCv    | Noticed an azure jelly
 23068 | IceCv    | Killed an azure jelly
 23071 | IceCv    | Noticed an azure jelly
 23071 | IceCv    | Noticed a rockslime
 23078 | IceCv    | Killed a rockslime
 23085 | IceCv    | Killed an azure jelly
 23102 | IceCv    | Identified the amulet "Faenit" {Spirit Harm rC+ Regen+
                  | rCorr}
 23111 | IceCv    | Identified the ring "Bosotin" {+Blink rF- rN++ rCorr
                  | Stlth+}
 23385 | Swamp:1  | Noticed a kraken
 23522 | Swamp:1  | Killed a kraken
 24055 | Swamp:2  | Identified the serpent talisman "Rileuv" {rC++ Str-5 Int+2
                  | SInv}
 24055 | Swamp:2  | Noticed Aizul
 24084 | Swamp:2  | Killed Aizul
 24174 | Swamp:2  | Noticed Jorgrun
 24188 | Swamp:2  | Killed Jorgrun
 24281 | Swamp:2  | Reached skill level 6 in Armour
 24597 | Swamp:2  | Reached skill level 18 in Fighting
 25077 | Swamp:4  | Entered Level 4 of the Swamp
 25217 | Swamp:4  | Reached XP level 17. HP: 99/105 MP: 21/24
 25574 | Swamp:4  | Reached skill level 9 in Invocations
 26070 | Swamp:4  | Got a decaying rune of Zot
 26612 | Elf:1    | Entered Level 1 of the Elven Halls
 26652 | Elf:1    | Received a gift from Trog
 26707 | Elf:1    | Identified the +11 war axe "Qeqess" {venom, rElec Str-5
                  | Int+2 Dex+5}
 26715 | Elf:1    | Paralysed by an air elemental for 1 turns
 26784 | Elf:1    | Noticed Roxanne
 27072 | Elf:1    | Noticed Louise
 27080 | Elf:1    | Killed Louise
 27290 | Elf:1    | Received a gift from Trog
 27491 | Elf:1    | Reached skill level 19 in Fighting
 27493 | Elf:1    | Reached XP level 18. HP: 97/112 MP: 26/26
 27581 | Elf:1    | Found Rinlesai's Armour Boutique.
 28076 | Elf:1    | Killed Roxanne
 28183 | Elf:2    | Found Udapev's Assorted Antiques.
 28361 | Elf:2    | Received a gift from Trog
 28361 | Elf:2    | Gained mutation: You are covered in fur. (AC +1) [a
                  | neqoxec]
 28365 | Elf:2    | Gained mutation: Your magical capacity is low. (-10% MP) [a
                  | neqoxec]
 28712 | Elf:2    | Found a runed translucent gate.
 28713 | Elf:2    | Found a runed translucent gate.
 28713 | Elf:2    | Found a runed translucent gate.
 28814 | Elf:2    | Found a runed translucent door.
 28978 | Elf:2    | Paralysed by an air elemental for 1 turns
 28982 | Elf:2    | Paralysed by an air elemental for 1 turns
 28987 | Elf:2    | Paralysed by an air elemental for 1 turns
 28992 | Elf:2    | Paralysed by an air elemental for 1 turns
 28996 | Elf:2    | Paralysed by an air elemental for 1 turns
 29004 | Elf:2    | Paralysed by an air elemental for 1 turns
 29316 | Elf:2    | Noticed a deep elf blademaster
 29344 | Elf:2    | Killed a deep elf blademaster
 29345 | Elf:2    | Reached skill level 9 in Armour
 29502 | Elf:2    | Identified the blade talisman "Cyen" {rElec rN+}
 30093 | Elf:2    | Reached skill level 1 in Stealth
 30129 | Elf:2    | Received a gift from Trog
 30398 | Elf:2    | Identified the +1 storm dragon scales of the Sun {Fly rElec
                  | SInv Stlth+}
 30590 | Elf:2    | Reached skill level 12 in Invocations
 30604 | Elf:2    | Identified the staff of Ceurol {rElec rCorr Dex+5 Air}
 30803 | Elf:3    | Entered Level 3 of the Elven Halls
 30987 | Elf:3    | Reached skill level 3 in Stealth
 31190 | Elf:3    | Paralysed by an air elemental for 1 turns
 31806 | Elf:3    | Noticed a deep elf blademaster
 31817 | Elf:3    | Noticed a deep elf blademaster
 31823 | Elf:3    | Noticed a deep elf master archer
 31825 | Elf:3    | Identified the +6 scimitar "Pabo" {elec, *Slow +Blink rElec
                  | rC+++}
 31832 | Elf:3    | Killed a deep elf blademaster
 31848 | Elf:3    | Killed a deep elf blademaster
 31940 | Elf:3    | Reached XP level 19. HP: 117/117 MP: 26/26
 32105 | Elf:3    | Noticed a Hell Sentinel
 32114 | Elf:3    | Received a gift from Trog
 32322 | Elf:3    | Identified the ring "Ziwkesk" {Fly rC- rN+ EV+5 Stlth+}
 32322 | Elf:3    | Noticed a Hell Sentinel
 32385 | Elf:3    | Reached skill level 6 in Stealth
 32452 | Elf:3    | Identified the +1 plate armour of Orphehox {rN+ Slay+3}
 32497 | Elf:3    | Identified the ring "Asoirewa" {Wiz Stlth+}
 32540 | Elf:3    | Identified the ring "Tebuga" {Fly rPois rF+ Will+ Str+3}
 32550 | Elf:3    | Reached skill level 20 in Fighting
 32645 | Elf:3    | Identified the +0 pair of gloves "Haptots" {rElec rPois
                  | Str-3}
 32695 | Elf:3    | Identified the staff "Jeojapid" {rPois rF+ Int-4 Fire
                  | Alchemy}
 32945 | Temple   | Found a transporter.
 32945 | Temple   | Found a transporter.
 32945 | Temple   | Found a transporter.
 32945 | Temple   | Found a transporter.
 32945 | Temple   | Entered the Ecumenical Temple
 32966 | Temple   | Fell from the grace of Trog
 32966 | Temple   | Became a worshipper of Uskayaw the Reveller
 33149 | Lair:3   | Reached * piety under Uskayaw
 33158 | Lair:3   | Reached ** piety under Uskayaw
 33163 | Lair:3   | Reached *** piety under Uskayaw
 33164 | Lair:3   | Killed heinrich's ghost
 33164 | Lair:3   | Reached **** piety under Uskayaw
 33482 | D:11     | Killed bmj180's ghost
 33672 | Spider:1 | Entered Level 1 of the Spider Nest
 33684 | Spider:1 | Reached ***** piety under Uskayaw
 34622 | Spider:1 | Reached skill level 9 in Stealth
 35117 | Spider:2 | Reached ****** piety under Uskayaw
 36200 | Spider:3 | Noticed Azrael
 36233 | Spider:3 | Killed Azrael
 36234 | Spider:3 | Reached XP level 20. HP: 102/123 MP: 28/28
 37212 | Spider:4 | Entered Level 4 of the Spider Nest
 37461 | Spider:4 | Noticed Nikola
 37473 | Spider:4 | Killed Nikola
 37815 | Spider:4 | Found the +3 pair of seven-league boots {Rampage+∞}
 37827 | Spider:4 | Got a gossamer rune of Zot
 38079 | Spider:3 | Reached XP level 21. HP: 128/128 MP: 29/29
 38469 | Vaults:1 | Entered Level 1 of the Vaults
 38542 | Vaults:1 | Found Nizanyg's Book Emporium.
 38957 | Vaults:1 | Reached skill level 15 in Invocations
 39721 | Vaults:2 | Reached XP level 22. HP: 112/133 MP: 28/31
 39764 | Vaults:2 | Found a staircase to the Crypt.
 39906 | Vaults:2 | Paralysed by Trog for 5 turns
 40202 | Vaults:2 | Found Lylaisk's Weapon Shop.
 40533 | Vaults:2 | Reached skill level 15 in Stealth
 40544 | Vaults:2 | Reached skill level 12 in Dodging
 40545 | Vaults:2 | Reached skill level 12 in Armour
 42052 | Vaults:4 | Found Taenotyfu's Jewellery Shoppe.
 42189 | Vaults:4 | Noticed Jory
 42208 | Vaults:4 | Killed Jory
 42250 | Vaults:4 | Noticed Saint Roka
 42265 | Vaults:4 | Killed Saint Roka
 42516 | Vaults:4 | HP: 3/134 [stone giant[the rage of Trog] (11)]
 42517 | Vaults:4 | Demolished by a stone giant

Illustrated notes

Levels and vault maps discovered:
D:1:      minmay_arrival_nine_rooms, layout_loops_ring, serial_forest,
          infiniplex_forest_clump_cross, infiniplex_forest_clump_small,
          infiniplex_forest_end_1, infiniplex_forest_clump_long,
          infiniplex_forest_straight_1
D:2:      layout_basic, basic_altar, uniq_sigmund
D:3:      layout_basic, chei_slow_surprise, nicolae_ecumenical_oubliette,
          guppyfry_early_orc_mine
D:4:      layout_loops_ring, chequers_serial_rivers_room_a, minmay_checkerbox,
          uniq_natasha, uniq_grinder
D:5:      layout_loops_ring, minmay_shop_damaged
D:6:      layout_cave_pools, mainiacjoe_overflow_concentric_impassable
D:7:      layout_loops_corners, minmay_temple_entry_purple_smoke,
          serial_park_tiny_1
D:8:      layout_gridville, serial_shops, shop, serial_ice, serial_ice_j,
          serial_ice_o, serial_ice_m, serial_ice_h, serial_ice_n, serial_ice_d,
          serial_ice_g
D:9:      layout_irregular_city, erik_lair_dragon, minmay_orc_entry_guard_dogs,
          enter_bailey_2, serial_shops, kennysheep_mini_moat, uniq_maggie
D:10:     layout_cave_pods, amethyst_overflow_temple_binary,
          evilmike_ruin_ashenzari, minmay_shop_enchanted_jewellery,
          fungi_pond_lemuel, uniq_snorg
D:11:     layout_stronghold, gammafunk_ghost_grave, statue_in_the_mist_lemuel,
          minivault_28, uniq_erica
D:12:     layout_cave_pools, palyth_stone_intersect, nzn_hepliaklqana_mist_gate
D:13:     dreamdust_labyrinth, layout_rooms, nrook_guardian_serpent_double,
          uniq_rupert, uniq_nessos, uniq_josephine
D:14:     layout_grid_maze, david_vaults_4, hangedman_decor_push
D:15:     grunt_enter_depths_giant_problem, layout_basic, serial_shops,
          nicolae_shop_tiny_glass, minmay_misc_feat_rows
Temple:   hellmonk_temple_divided_pantheon
Lair:1:   layout_cellular_growth, minivault_25, grunt_megastairs_5
Lair:2:   layout_hall_layers, beast_lair_carwin_11, uniq_nergalle
Lair:3:   layout_layer_cave, minmay_swamp_entry_swarm,
          nicolae_spider_entry_non_spiders, gammafunk_ghost_arena, serial_bayou,
          serial_bayou_shore_b, serial_bayou_lake_a, serial_bayou_pond_d,
          serial_bayou_crossing, serial_bayou_pond_b, serial_bayou_shore_b
Lair:4:   layout_misc_corridors, grunt_megastairs_3
Lair:5:   evilmike_catoblepas_cave, layout_regular_city, slime_entry_1,
          minmay_hedge_maze, uniq_urug
Swamp:1:  layout_basic_swamp, portal_ice_cave_entry_ice_statue_one,
          hangedman_swamp_blocks, nicolae_swamp_thats_no_hydra
Swamp:2:  layout_basic_swamp, hangedman_swamp_cone, uniq_jorgrun, uniq_aizul
Swamp:3:  layout_falls_marsh, evilmike_swamp_ruin_house_3,
          nicolae_swamp_decorative_isthmus
Swamp:4:  swamp_basic_johnstein, layout_basic_swamp, swamp_pool_4
Spider:1: layout_chambers, nicolae_spider_bzzzt
Spider:2: nicolae_spider_hilbert_zone_4 [nicolae_spider_hilbert_4_sides_2_open,
          nicolae_spider_hilbert_4_sides_1_open,
          nicolae_spider_hilbert_4_sides_1_open,
          nicolae_spider_hilbert_4_sides_1_open,
          nicolae_spider_hilbert_4_sides_1_open,
          nicolae_spider_hilbert_2_sides_1_open,
          nicolae_spider_hilbert_2_sides_1_open,
          nicolae_spider_hilbert_2_sides_1_open,
          nicolae_spider_hilbert_2_sides_1_open,
          nicolae_spider_hilbert_6_sides_1_open,
          nicolae_spider_hilbert_6_sides_1_open,
          nicolae_spider_hilbert_3_sides_1_open,
          nicolae_spider_hilbert_3_sides_1_open]
Spider:3: layout_cave_pods, hellmonk_test_site, uniq_azrael
Spider:4: hellmonk_spider_rune_bug_friends, uniq_nikola
Orc:1:    layout_caves
Orc:2:    st_orc_mages, layout_diamond_mine, gauntlet_entry_generic
Elf:1:    eino_elf_arrival_customs, layout_loops_corners, serial_shops, shop,
          minmay_elf_sorcery, uniq_louise, uniq_roxanne
Elf:2:    nicolae_elf_blades_crystal_corner, layout_onion_city, serial_shops,
          nicolae_shop_hallway_plus, serial_sigils_hangedman_snap,
          corexii_checkpoint, hangedman_aerie_drop
Elf:3:    minmay_elf_hall_spiked, layout_loops_corners
Vaults:1: v_rooms_3, st_hourglassy, nicolae_vaults_more_shelving_2,
          nicolae_vaults_ring_of_whatevers, nicolae_vaults_network_s,
          nicolae_vaults_trapezoid_1, nicolae_vaults_asterisk,
          nicolae_vaults_surprise_closet, vaults_dpeg_hooks,
          layout_vaults_omnigrid, serial_shops, shop
Vaults:2: vaults_room_hallway, v_alt_pattern_6,
          minmay_crypt_entry_simple_statues, nicolae_vaults_tetromino_L_1,
          vaults_room_pool, nicolae_vaults_shrinking_rooms_1,
          nicolae_vaults_disjoint_gnomons, nicolae_vaults_know_your_exits,
          nicolae_vaults_apartment_1, ontoclasm_vaults_loading_screen,
          nicolae_vaults_storage_closets_2, nicolae_vaults_diamond_1,
          layout_vaults_omnicross, serial_shops, shop
Vaults:3: v_alt_pattern_6, nicolae_vaults_closet_pinwheel_3,
          hangedman_vaults_stitches, v_misc_28, nicolae_vaults_angled_halls,
          layout_vaults_chaotic_city
Vaults:4: v_pattern_4, nicolae_vaults_diffraction_hallways,
          nicolae_vaults_house_1, v_misc_28, nicolae_vaults_prndl, v_misc_4,
          ontoclasm_vaults_ring_small, ontoclasm_vaults_pinch,
          nicolae_vaults_windows_and_doors_thing,
          nicolae_vaults_variable_pillar_hall, nicolae_vaults_trapezoid_layered,
          hangedman_vaults_snaps, layout_vaults_omnibox, serial_shops,
          nicolae_shop_gaudy_bauble, uniq_jory, uniq_margery, uniq_saint_roka

Skill      XL: |  1  2  3  4  5  6  7  8  9 10 11 12 13 14 15 16 17 18 19 20 21 22 |
---------------+-------------------------------------------------------------------+-----
Short Blades   | 3 4 5 6 7 9 10 11 13 14 | 14.0
Fighting       | 3 4 5 6 8 9 11 13 15 16 18 19 20 | 20.6
Dodging        | 2 3 4 5 6 7 8 9 10 11 12 | 12.6
Shields        | 1 3 5 8 10 12 14 15 16 17 | 17.0
Invocations    | 2 6 8 10 12 14 15 16 | 16.3
Armour         | 4 6 8 9 10 11 12 | 12.6
Stealth        | 4 10 13 14 15 | 15.0

Action                     |  1- 3 |  4- 6 |  7- 9 | 10-12 | 13-15 | 16-18 | 19-21 | 22-24 || total
---------------------------+-------+-------+-------+-------+-------+-------+-------+-------++-------
  Melee: Short sword       |    80 |    78 |    26 |       |       |       |       |       ||   184
         Bite              |    13 |    20 |   150 |   338 |  1001 |  1391 |  1058 |   473 ||  4444
         Punch             |     2 |     8 |    20 |       |       |       |       |       ||    30
         Dagger            |       |       |   427 |   621 |    37 |       |       |       ||  1085
         Long sword        |       |       |       |   236 |   296 |       |       |       ||   532
         Quick blade       |       |       |       |       |  1836 |  2941 |  1976 |   793 ||  7546
         Rapier            |       |       |       |       |       |    99 |       |       ||    99
  Throw: Dart              |       |    35 |   128 |     1 |       |       |       |       ||   164
         Boomerang         |       |       |       |    32 |       |       |       |       ||    32
 Invoke: Berserk           |     1 |     1 |     2 |     4 |     7 |     4 |     1 |       ||    20
         Trog's Hand       |       |       |     2 |     1 |       |     7 |     1 |       ||    11
         Brothers in Arms  |       |       |       |     1 |     3 |     6 |     3 |       ||    13
         Grand Finale      |       |       |       |       |       |       |     2 |     2 ||     4
         Line Pass         |       |       |       |       |       |       |     1 |       ||     1
  Evoke: Wand              |       |       |       |    25 |    11 |     3 |       |       ||    39
         Phial of floods   |       |       |       |     1 |       |       |       |       ||     1
    Use: Scroll            |       |       |       |    13 |    18 |    10 |     7 |       ||    48
         Potion            |       |       |       |     1 |     3 |     2 |     1 |     2 ||     9
   Stab: Sleeping          |     2 |       |       |       |       |       |    34 |    10 ||    46
         Invisible         |       |       |       |     9 |     1 |     3 |       |       ||    13
         Petrifying        |       |       |       |       |     1 |       |       |       ||     1
         Distracted        |       |       |       |       |       |     2 |     1 |       ||     3
         Paralysed         |       |       |       |       |       |       |   131 |    61 ||   192
 Armour: Animal skin       |    10 |       |       |       |       |       |       |       ||    10
         Scale mail        |    20 |    32 |    30 |       |       |       |       |       ||    82
         Ring mail         |       |       |   106 |   304 |   412 |   548 |   341 |   147 ||  1858
         Storm dragon scal |       |       |       |       |       |    59 |    48 |       ||   107
  Dodge: Dodged            |    35 |    23 |   145 |   334 |   616 |   524 |   531 |   246 ||  2454
  Block: Buckler           |       |       |    23 |   247 |   332 |       |       |       ||   602
         Kite shield       |       |       |       |       |   590 |  1145 |   797 |   272 ||  2804
         Reflection        |       |       |       |       |    29 |    38 |     6 |       ||    73

Table legend: (Time is in decaauts)
 A = Elapsed time spent in this place.
 B = Non-inter-level travel time spent in this place.
 C = Inter-level travel time spent in this place.
 D = Time resting spent in this place.
 E = Time spent auto-exploring this place.
 F = Levels seen in this place.
 G = Mean time per level.
                   A        B        C        D        E       F      G
               +--------+--------+--------+--------+--------+-----+--------+
         Total |  40672 |  35914 |   4758 |   3150 |  24902 |  41 |  992.0 |
       Dungeon |  14617 |  12286 |   2331 |    319 |   9941 |  15 |  974.5 |
        Temple |     45 |     19 |     26 |      0 |      0 |   1 |   45.0 |
          Lair |   6050 |   5527 |    523 |    544 |   3817 |   5 | 1210.0 |
         Swamp |   3209 |   3035 |    174 |    506 |   1767 |   4 |  802.2 |
   Spider Nest |   4134 |   3840 |    294 |    233 |   2689 |   4 | 1033.5 |
  Orcish Mines |   1425 |   1238 |    187 |    126 |    756 |   2 |  712.5 |
   Elven Halls |   5912 |   4846 |   1066 |    882 |   2682 |   3 | 1970.7 |
        Vaults |   3863 |   3709 |    154 |    261 |   2770 |   4 |  965.8 |
        Bailey |    398 |    398 |      0 |     63 |    184 |   1 |  398.0 |
      Ice Cave |    679 |    679 |      0 |    215 |    145 |   1 |  679.0 |
      Gauntlet |    335 |    335 |      0 |      0 |    149 |   1 |  335.0 |
               +--------+--------+--------+--------+--------+-----+--------+

Top non-repeatable levels by time:
   Elf:2: 2535 daAuts
   Elf:3: 1906 daAuts
     D:9: 1751 daAuts
  Lair:3: 1694 daAuts
   Elf:1: 1471 daAuts
  Lair:5: 1451 daAuts
     D:2: 1310 daAuts
    D:14: 1299 daAuts
Spider:1: 1223 daAuts
    D:11: 1168 daAuts
 Swamp:4: 1150 daAuts
Vaults:1: 1146 daAuts
  Lair:1: 1138 daAuts
Spider:3: 1105 daAuts
Vaults:3: 1088 daAuts
